 Dungeon Crawl Stone Soup version 0.16-a0-1816-g2c93a98 (webtiles) character file.

3506 timbw the Basher (level 9, 7/79 HPs)
             Began as a Troll Hunter on Nov 3, 2014.
             Was a Follower of the Shining One.
             Quit the game on level 2 of the Lair of Beasts.
             The game lasted 00:13:59 (2280 turns).

timbw the Basher (Troll Hunter)                     Turns: 2280, Time: 00:13:59

Health: 7/79       AC: 11    Str: 22      XL:     9   Next: 80%
Magic:  4/4        EV: 10    Int:  4 (7)  God:    the Shining One [*.....]
Gold:   194        SH:  0    Dex: 13      Spells: 0 memorised, 8 levels left

rFire  . . .     SeeInvis .     i - +0 giant spiked club
rCold  . . .     Clarity  .     d - +1 animal skin
rNeg   . . .     SustAb   .     (shield restricted)
rPois  .         Gourm    +     (helmet restricted)
rElec  .         Spirit   .     (no cloak)
rCorr  .         Warding  .     (gloves unavailable)
rMut   .         Stasis   .     (boots unavailable)
MR     .....                    (no amulet)
Stlth  +.........               q - +5 ring of protection
                                o - ring of stealth

@: lethally poisoned, very slightly contaminated, hasted, glowing, very quick,
not resistant to hostile enchantments, very unstealthy
A: unfitting armour, claws 3, fast metabolism 3, gourmand, regeneration 2,
shaggy fur 1, tough skin 2
a: Renounce Religion


You were on level 2 of the Lair of Beasts.
You worshipped the Shining One.
The Shining One was aware of your devotion.
You were not hungry.

You visited 2 branches of the dungeon, and saw 12 of its levels.

You collected 194 gold pieces.

Inventory:

Hand weapons
 i - a +0 giant spiked club (weapon)
 w - a +0 giant club
Missiles
 b - 2 large rocks (quivered)
 k - 3 tomahawks
Armour
 d - a +1 animal skin (worn)
Jewellery
 o - a ring of stealth (left claw)
 q - a +5 ring of protection (right claw)
Magical devices
 j - a wand of flame (13)
 n - a wand of random effects (31)
 p - a wand of digging (13)
Scrolls
 e - a scroll of fog
 y - a scroll of remove curse
 C - a scroll of immolation
Potions
 h - a potion of might
 l - a potion of haste
 s - 2 potions of flight
 t - a potion of magic
 x - 3 potions of agility
 z - a potion of restore abilities {unknown}
 B - a potion of confusion {unknown}
 D - a potion of brilliance {unknown}
Books
 u - a book of Necromancy

   Spells                             Type                      Level
   Pain                               Necromancy                   1
   Animate Skeleton                   Necromancy                   1
   Vampiric Draining                  Necromancy                   3
   Regeneration                       Charms/Necromancy            3
   Animate Dead                       Necromancy                   4
   Control Undead                     Necromancy                   4
   The Shining One opposes the use of such an evil item.
Comestibles
 a - 3 meat rations
 g - 2 chunks of flesh
 m - 4 fruits
 r - a slice of pizza
 A - a beef jerky


   Skills:
 + Level 1.7 Fighting
 * Level 12.4 Maces & Flails
 - Level 3.6 Throwing
 + Level 2.1 Dodging
 - Level 0.4 Stealth


You had 8 spell levels left.
You didn't know any spells.

Dungeon Overview and Level Annotations

Branches:
Dungeon (10/15)            Temple (0/1) D:5            Lair (2/8) D:9
    Orc (0/4) D:10

Altars:
Kikubaaqudgha
The Shining One

Annotations:
Lair:1 timbw's ghost, experienced TrHu


Innate Abilities, Weirdness & Mutations

You are too large for most types of armour.
You have claws for hands.
Your metabolism is lightning-fast.
You like to eat raw meat.
You heal very quickly.
You are covered in fur (AC +1).
You have very tough skin (AC +2).


Message History

You feel dopey.
It was a potion of degeneration.
* * * LOW HITPOINT WARNING * * *
You feel sick.
The spiny frog struggles against the net. x2
Drink which item? (? for menu, Esc to quit)
You feel much better.
It was a potion of heal wounds.
You feel sick.
The spiny frog struggles against the net.
The net rips apart, and the spiny frog comes free!
Drink which item? (? for menu, Esc to quit)
You feel yourself speed up.
You feel sick. The spiny frog stings you!
* * * LOW HITPOINT WARNING * * *
You are lethally poisoned!
The spiny frog poisons you!
You are very lightly contaminated with residual magic.
* * * LOW HITPOINT WARNING * * *
You feel very sick.
Drink which item? (? for menu, Esc to quit)
Okay, then.
Are you sure you want to abandon this character and quit the game? (Confirm with "yes".)

# ## ##### ##
.....##.##..P##P.#.###
.........@F..<....(...
###...#P)####..P.#####
#.. #### ###### #


You could see a spiny frog.

Vanquished Creatures
  Erolcha (D:8)
  An elephant (D:9)
  A hungry ghost (D:8)
  Menkaure (D:5)
  A porcupine (Lair:1)
  A sky beast (D:10)
  An orc warrior (D:10)
  2 water moccasins
  A black bear (D:8)
  2 phantoms
  A yellow wasp (D:9)
  2 ogres
  An ice beast (D:8)
  2 centaurs (D:8)
  A giant frog (D:8)
  A cyclops zombie (D:10)
  3 scorpions
  3 killer bees (D:10)
  3 goliath beetles
  2 crimson imps
  A centaur skeleton (D:7)
  A jelly (D:5)
  An orc priest (D:7)
  An iguana (D:4)
  3 hounds
  6 orc wizards
  A giant frog skeleton (D:10)
  2 sheep (D:9)
  3 gnolls (D:10)
  2 adders
  An orc zombie (D:5)
  18 orcs
  3 bat zombies (D:7)
  A giant cockroach (D:7)
  2 goblins (D:1)
  6 hobgoblins
  7 jackals
  8 bats
  A giant gecko (D:5)
  A giant newt (D:3)
  5 kobolds
  2 quokkas
  7 rats
  2 ballistomycetes (D:9)
116 creatures vanquished.

Vanquished Creatures (others)
  A giant spore (D:9)
1 creature vanquished.

Grand Total: 117 creatures vanquished

Notes
Turn   | Place    | Note
--------------------------------------------------------------
     0 | D:1      | timbw, the Troll Hunter, began the quest for the Orb.
     0 | D:1      | Reached XP level 1. HP: 19/19 MP: 1/1
   172 | D:1      | Reached XP level 2. HP: 24/27 MP: 1/1
   190 | D:1      | Reached skill level 1 in Maces & Flails
   218 | D:2      | Found a glowing golden altar of the Shining One.
   230 | D:2      | Became a worshipper of the Shining One
   442 | D:3      | Reached XP level 3. HP: 33/33 MP: 2/2
   535 | D:5      | Entered Level 5 of the Dungeon
   535 | D:5      | Noticed a scorpion
   546 | D:5      | Killed a scorpion
   546 | D:5      | Reached XP level 4. HP: 38/41 MP: 2/2
   574 | D:5      | Noticed Menkaure
   599 | D:4      | Reached skill level 4 in Maces & Flails
   599 | D:4      | Reached XP level 5. HP: 44/48 MP: 2/2
   603 | D:5      | Killed Menkaure
   603 | D:5      | Reached skill level 5 in Maces & Flails
   649 | D:5      | Reached XP level 6. HP: 51/55 MP: 3/3
   661 | D:5      | Found a staircase to the Ecumenical Temple.
   784 | D:7      | Reached skill level 6 in Maces & Flails
   849 | D:7      | Found an ancient bone altar of Kikubaaqudgha.
   873 | D:7      | Reached XP level 7. HP: 62/62 MP: 3/3
   945 | D:8      | Noticed Erolcha
   963 | D:7      | Acquired the Shining One's first power
   979 | D:7      | Reached skill level 7 in Maces & Flails
  1066 | D:8      | Killed Erolcha
  1066 | D:8      | Reached skill level 8 in Maces & Flails
  1066 | D:8      | Reached XP level 8. HP: 60/70 MP: 3/3
  1083 | D:8      | Reached skill level 9 in Maces & Flails
  1286 | D:8      | Reached skill level 10 in Maces & Flails
  1431 | D:10     | Entered Level 10 of the Dungeon
  1451 | D:10     | Reached XP level 9. HP: 34/76 MP: 4/4
  1638 | D:10     | Found a staircase to the Orcish Mines.
  1640 | D:10     | Noticed a centaur warrior
  1700 | D:10     | Reached skill level 11 in Maces & Flails
  2018 | D:9      | Found a staircase to the Lair.
  2018 | D:9      | Noticed an elephant
  2034 | D:9      | Killed an elephant
  2034 | D:9      | Reached skill level 12 in Maces & Flails
  2173 | Lair:1   | Entered Level 1 of the Lair of Beasts
  2236 | Lair:1   | Noticed timbw's ghost (experienced TrHu)
  2267 | Lair:2   | Noticed a spiny frog
  2275 | Lair:2   | HP: 3/79 [poisoned by a spiny frog]
  2276 | Lair:2   | HP: 1/79 [poisoned by a spiny frog]
  2280 | Lair:2   | Quit the game

Action                   |  1- 3 |  4- 6 |  7- 9 || total
-------------------------+-------+-------+-------++-------
Melee: Unarmed           |    75 |   107 |    27 ||   209
       Giant spiked club |       |       |   190 ||   190
Throw: Large rock        |     2 |     9 |    11 ||    22
       Throwing net      |       |       |     2 ||     2
  Use: Scroll            |       |     8 |     6 ||    14
       Potion            |       |       |     4 ||     4
 Stab: Sleeping          |       |       |     1 ||     1
  Eat: Chunk             |     1 |       |    13 ||    14
       Bread ration      |     1 |       |     1 ||     2
